Edmonton Oil Kings vs Rock Island Raccoons
Created - Friday, September 15, 2023 at 06:49
Goals
|
| Edmonton Oil Kings |
1 |
0 |
3 |
4 |
| Rock Island Raccoons |
0 |
1 |
1 |
2 |
|
Shots
|
| Edmonton Oil Kings |
13 |
15 |
10 |
38 |
| Rock Island Raccoons |
6 |
9 |
18 |
33 |
|
1st period
1. Edmonton Oil Kings , Joey Anderson 8 (Noah Gregor 6, Connor McMichael 7) at 5:49
Penalties :
Carl Hagelin (RIR) for Goalie Interference (Minor) at 8:32, Dillon Dube (EOK) for Tripping (Minor) at 11:19
2nd period
2. Rock Island Raccoons , Alex Barre-Boulet 8 (Brendan Smith 9, Vinni Lettieri 9) at 19:04 (PP)
Penalties :
Alex Barre-Boulet (RIR) for Hooking (Minor) at 14:18, Brett Kulak (EOK) for Hooking (Minor) at 17:25
3rd period
3. Edmonton Oil Kings , Wade Allison 5 (Mackenzie Entwistle 3, Josh Mahura 4) at 2:24
4. Edmonton Oil Kings , Connor McMichael 3 (Kale Clague 7, Josh Mahura 5) at 5:25
5. Edmonton Oil Kings , Morgan Barron 2 (Nick Holden 4, Joey Anderson 6) at 7:52 (SH)
6. Rock Island Raccoons , Craig Smith 10 (Jujhar Khaira 17, Alex Barre-Boulet 10) at 11:36 (PP)
Penalties :
Brett Kulak (EOK) for Holding (Minor) at 7:37, Juuso Valimaki (EOK) for High sticking (Minor) at 10:16, Brendan Smith (RIR) for Tripping (Minor) at 12:57, Josh Mahura (EOK) for Hooking (Minor) at 18:09
Goalie Stats
Karel Vejmelka (EOK), 31 saves from 33 shots - (0.939), W, 9-4-1, 60:00 minutes
Craig Anderson (RIR), 34 saves from 38 shots - (0.895), L, 9-3-1, 60:00 minutes
Players Stats for Edmonton Oil Kings
Player Name G A P +/- PIM S H SB GA TA FO MP PP MP PK MP
------------------------------------------------------------------------------------
Brett Kulak 0 0 0 1 4 1 1 2 1 0 0/0 22:39 2:57 2:21
Connor McMichael 1 1 2 2 0 2 1 0 1 1 7/13 13:41 0:00 0:00
Dillon Dube 0 0 0 0 2 2 0 1 0 0 1/2 16:55 3:10 0:00
Jack Johnson 0 0 0 0 0 1 1 0 0 2 0/0 24:04 0:00 5:14
Joey Anderson 1 1 2 3 0 3 1 0 0 0 2/3 20:59 2:47 4:43
Josh Mahura 0 2 2 2 2 0 1 1 0 0 0/0 12:17 0:00 0:45
Julien Gauthier 0 0 0 0 0 2 3 0 2 1 0/0 13:21 2:47 0:00
Juuso Valimaki 0 0 0 2 2 1 1 1 0 0 0/0 21:19 3:00 3:33
Kale Clague 0 1 1 2 0 1 1 1 0 0 0/0 11:33 0:00 0:00
Kirill Marchenko 0 0 0 0 0 3 0 0 0 0 0/0 16:46 3:10 0:00
Mackenzie Entwistle 0 1 1 1 0 4 0 0 0 1 0/1 8:12 0:00 0:00
Morgan Barron 1 0 1 1 0 6 1 0 0 0 2/8 15:41 0:00 4:43
Nick Holden 0 1 1 1 0 0 4 1 1 3 0/0 21:25 0:00 5:41
Noah Gregor 0 1 1 2 0 4 1 2 1 0 0/1 21:25 3:00 4:04
Ryan McLeod 0 0 0 0 0 2 0 0 0 1 15/24 20:49 3:10 4:04
Tyler Angle 0 0 0 1 0 0 0 0 0 0 1/3 7:20 0:00 0:00
Wade Allison 1 0 1 1 0 4 1 0 0 1 0/1 9:38 2:57 0:00
Xavier Bourgault 0 0 0 0 0 2 2 1 0 2 4/7 13:04 2:47 0:00
Players Stats for Rock Island Raccoons
Player Name G A P +/- PIM S H SB GA TA FO MP PP MP PK MP
------------------------------------------------------------------------------------
Alex Barre-Boulet 1 1 2 0 2 2 1 0 2 0 1/1 20:49 4:56 1:59
Andrew Ladd 0 0 0 -2 0 2 4 4 1 0 0/0 12:35 0:00 0:13
Brendan Smith 0 1 1 0 2 0 3 5 0 0 0/0 24:47 4:41 2:09
Carl Hagelin 0 0 0 -1 2 0 1 1 0 0 0/0 7:31 0:00 1:18
Craig Smith 1 0 1 -1 0 9 4 0 0 0 1/3 19:45 3:51 2:55
Damien Giroux 0 0 0 -2 0 1 0 0 0 0 2/5 12:04 0:00 0:00
Eric Robinson 0 0 0 -1 0 2 3 1 2 2 0/2 19:20 3:51 2:37
Guillaume Brisebois 0 0 0 -2 0 1 0 0 0 1 0/0 12:56 0:00 0:44
Jake Walman 0 0 0 -2 0 0 0 2 0 1 0/0 22:31 4:06 3:04
Jan Mysak 0 0 0 0 0 0 0 0 0 0 0/0 1:41 0:00 0:00
Jujhar Khaira 0 1 1 -2 0 5 1 1 1 1 17/31 23:39 3:51 2:21
Karl Henriksson 0 0 0 -1 0 0 1 0 0 0 1/1 6:05 0:00 0:31
Kyle Burroughs 0 0 0 -2 0 1 4 1 0 1 0/0 21:41 4:06 2:45
Logan Stanley 0 0 0 -2 0 0 2 2 0 0 0/0 13:02 0:00 0:19
Martin Chromiak 0 0 0 0 0 3 2 1 0 0 0/1 19:02 4:56 0:00
Ryan Lindgren 0 0 0 0 0 1 0 4 1 0 0/0 25:17 4:41 2:53
Tuukka Tieksola 0 0 0 -2 0 1 0 0 3 0 1/1 12:13 0:00 0:00
Vinni Lettieri 0 1 1 0 0 5 3 0 2 0 8/18 19:02 4:56 0:00
3 Stars
1 - Joey Anderson (EOK)
2 - Connor McMichael (EOK)
3 - Wade Allison (EOK)
Power Play
Edmonton Oil Kings - 0 on 3 Attempt(s) - 0.00%
Rock Island Raccoons - 2 on 5 Attempt(s) - 40.00%
Penalty Kill
Edmonton Oil Kings - 3 on 5 Attempt(s) - 60.00%
- Score 1 goal in Penalty Kill
Rock Island Raccoons - 3 on 3 Attempt(s) - 100.00%
- Score 0 goal in Penalty Kill
Team Stat
Edmonton Oil Kings - Hits : 19 - Faceoff Wins : 32 - Blocked Shots : 10 - Penalty Minutes : 10
Rock Island Raccoons - Hits : 29 - Faceoff Wins : 31 - Blocked Shots : 22 - Penalty Minutes : 6
Official
Referees : Brad Watson and Chris Lee
Linesman : Vaughan Rody and Derek Nansen
Game Notes
No Game Note
Edmonton Oil Kings
5 vs 5 Forward
Center Left Wing Right Wing Time % Phy DF OF
1 Ryan McLeod Dillon Dube Kirill Marchenko 30 0 2 3
2 Connor McMichael Noah Gregor Joey Anderson 30 0 2 3
3 Xavier Bourgault Morgan Barron Julien Gauthier 25 1 2 2
4 Tyler Angle Mackenzie Entwistle Wade Allison 15 1 2 2
5 vs 5 Defense
Defense Defense Time % Phy DF OF
1 Jack Johnson Nick Holden 34 1 4 0
2 Juuso Valimaki Brett Kulak 31 1 3 1
3 Josh Mahura Kale Clague 25 1 3 1
4 Jack Johnson Brett Kulak 10 1 4 0
PowerPlay Forward
Center Left Wing Right Wing Time % Phy DF OF
1 Ryan McLeod Dillon Dube Kirill Marchenko 55 0 0 5
2 Xavier Bourgault Joey Anderson Julien Gauthier 45 0 0 5
PowerPlay Defense
Defense Defense Time % Phy DF OF
1 Noah Gregor Juuso Valimaki 50 0 1 4
2 Wade Allison Brett Kulak 50 0 1 4
Penalty Kill 4 Players Forward
Center Wing Time % Phy DF OF
1 Ryan McLeod Noah Gregor 50 1 4 0
2 Morgan Barron Joey Anderson 50 1 4 0
Penalty Kill 4 Players Defense
Defense Defense Time % Phy DF OF
1 Jack Johnson Brett Kulak 50 1 4 0
2 Nick Holden Juuso Valimaki 50 1 4 0
Penalty Kill - 3 Players Forward
Forward Time % Phy DF OF
1 Ryan McLeod 50 1 4 0
2 Morgan Barron 50 1 4 0
Penalty Kill - 3 Players Defense
Defense Defense Time % Phy DF OF
1 Jack Johnson Brett Kulak 50 1 4 0
2 Nick Holden Juuso Valimaki 50 1 4 0
4 vs 4 Forward
Center Wing Time % Phy DF OF
1 Ryan McLeod Dillon Dube 50 0 1 4
2 Connor McMichael Kirill Marchenko 50 0 1 4
4 vs 4 Defense
Defense Defense Time % Phy DF OF
1 Jack Johnson Nick Holden 50 1 3 1
2 Brett Kulak Juuso Valimaki 50 1 4 0
Last Minutes Offensive
Center Left Wing Right Wing Defense Defense
Ryan McLeod Dillon Dube Kirill Marchenko Juuso Valimaki Nick Holden
Last Minutes Defensive
Center Left Wing Right Wing Defense Defense
Ryan McLeod Morgan Barron Noah Gregor Jack Johnson Nick Holden
Goaltenders
Starting : Karel Vejmelka
Backup : Jonathan Quick
Extra Forwards
Normal : Noah Gregor, Dillon Dube, Kirill Marchenko - PP : Connor McMichael, Mackenzie Entwistle - PK : Mackenzie Entwistle
Extra Defensemen
Normal : Brett Kulak, Jack Johnson, Nick Holden - PP : Josh Mahura - PK : Nick Holden, Jack Johnson
Penalty Shots
Ryan McLeod, Kirill Marchenko, Noah Gregor, Dillon Dube, Julien Gauthier
Rock Island Raccoons
5 vs 5 Forward
Center Left Wing Right Wing Time % Phy DF OF
1 Jujhar Khaira Eric Robinson Craig Smith 30 1 2 2
2 Vinni Lettieri Alex Barre-Boulet Martin Chromiak 30 1 2 2
3 Damien Giroux Andrew Ladd Tuukka Tieksola 25 1 2 2
4 Karl Henriksson Carl Hagelin Jujhar Khaira 15 1 2 2
5 vs 5 Defense
Defense Defense Time % Phy DF OF
1 Ryan Lindgren Brendan Smith 30 1 2 2
2 Jake Walman Kyle Burroughs 30 1 2 2
3 Logan Stanley Guillaume Brisebois 25 1 2 2
4 Ryan Lindgren Brendan Smith 15 1 2 2
PowerPlay Forward
Center Left Wing Right Wing Time % Phy DF OF
1 Jujhar Khaira Eric Robinson Craig Smith 50 1 2 2
2 Vinni Lettieri Alex Barre-Boulet Martin Chromiak 50 1 2 2
PowerPlay Defense
Defense Defense Time % Phy DF OF
1 Ryan Lindgren Brendan Smith 50 1 2 2
2 Jake Walman Kyle Burroughs 50 1 2 2
Penalty Kill 4 Players Forward
Center Wing Time % Phy DF OF
1 Jujhar Khaira Eric Robinson 50 1 2 2
2 Craig Smith Alex Barre-Boulet 50 1 2 2
Penalty Kill 4 Players Defense
Defense Defense Time % Phy DF OF
1 Ryan Lindgren Brendan Smith 50 1 2 2
2 Jake Walman Kyle Burroughs 50 1 2 2
Penalty Kill - 3 Players Forward
Forward Time % Phy DF OF
1 Jujhar Khaira 50 1 2 2
2 Eric Robinson 50 1 2 2
Penalty Kill - 3 Players Defense
Defense Defense Time % Phy DF OF
1 Ryan Lindgren Brendan Smith 50 1 2 2
2 Jake Walman Kyle Burroughs 50 1 2 2
4 vs 4 Forward
Center Wing Time % Phy DF OF
1 Jujhar Khaira Eric Robinson 50 1 2 2
2 Craig Smith Alex Barre-Boulet 50 1 2 2
4 vs 4 Defense
Defense Defense Time % Phy DF OF
1 Ryan Lindgren Brendan Smith 50 1 2 2
2 Jake Walman Kyle Burroughs 50 1 2 2
Last Minutes Offensive
Center Left Wing Right Wing Defense Defense
Jujhar Khaira Eric Robinson Craig Smith Ryan Lindgren Brendan Smith
Last Minutes Defensive
Center Left Wing Right Wing Defense Defense
Jujhar Khaira Eric Robinson Craig Smith Ryan Lindgren Brendan Smith
Goaltenders
Starting : Craig Anderson
Backup : Braden Holtby
Extra Forwards
Normal : Jan Mysak, Andrew Ladd, Carl Hagelin - PP : Jan Mysak, Andrew Ladd - PK : Carl Hagelin
Extra Defensemen
Normal : Logan Stanley, Guillaume Brisebois, Jake Walman - PP : Logan Stanley - PK : Guillaume Brisebois, Jake Walman
Penalty Shots
Jujhar Khaira, Eric Robinson, Craig Smith, Alex Barre-Boulet, Vinni Lettieri
% Time on Ice - Edmonton Oil Kings
Lines # - Real PCT - Wanted PCT - Time Play
Normal Forward
1 - 28% - 30% - 12:45
2 - 35% - 30% - 15:39
3 - 22% - 25% - 9:47
4 - 16% - 15% - 7:05
Normal Defense
1 - 37% - 34% - 16:35
2 - 31% - 31% - 14:15
3 - 26% - 25% - 11:33
4 - 6% - 10% - 2:53
PP Forward
1 - 53% - 55% - 3:10
2 - 47% - 45% - 2:47
PP Defense
1 - 50% - 50% - 3:00
2 - 50% - 50% - 2:57
PK Forward
1 - 46% - 50% - 4:04
2 - 54% - 50% - 4:43
PK Defense
1 - 51% - 50% - 4:28
2 - 49% - 50% - 4:19
PK3 Forward
1 - 0% - 50%
2 - 0% - 50%
PK3 Defense
1 - 0% - 50%
2 - 0% - 50%
44 Forward
1 - 0% - 50%
2 - 0% - 50%
44 Defense
1 - 0% - 50%
2 - 0% - 50%
Last Minute Offensive - 0:00
Last Minute Defensive - 0:00
Total
Forward - 60:00
Defense - 60:00
|
% Time on Ice - Rock Island Raccoons
Lines # - Real PCT - Wanted PCT - Time Play
Normal Forward
1 - 29% - 30% - 13:07
2 - 32% - 30% - 14:32
3 - 27% - 25% - 12:04
4 - 12% - 15% - 5:33
Normal Defense
1 - 30% - 30% - 13:36
2 - 31% - 30% - 14:07
3 - 27% - 25% - 12:12
4 - 12% - 15% - 5:21
PP Forward
1 - 44% - 50% - 3:51
2 - 56% - 50% - 4:56
PP Defense
1 - 53% - 50% - 4:41
2 - 47% - 50% - 4:06
PK Forward
1 - 48% - 50% - 2:50
2 - 52% - 50% - 3:07
PK Defense
1 - 54% - 50% - 3:12
2 - 46% - 50% - 2:45
PK3 Forward
1 - 0% - 50%
2 - 0% - 50%
PK3 Defense
1 - 0% - 50%
2 - 0% - 50%
44 Forward
1 - 0% - 50%
2 - 0% - 50%
44 Defense
1 - 0% - 50%
2 - 0% - 50%
Last Minute Offensive - 0:00
Last Minute Defensive - 0:00
Total
Forward - 60:00
Defense - 60:00
|
Play-by-Play
1st period
0:01 of 1st period - Jujhar Khaira wins face-off versus Dillon Dube in neutral zone.
0:09 of 1st period - Icing by Ryan McLeod.
0:10 of 1st period - Jujhar Khaira wins face-off versus Ryan McLeod in Edmonton Oil Kings zone.
0:13 of 1st period - Snap shot by Craig Smith.
0:13 of 1st period - Stopped by Karel Vejmelka with a rebound.
0:15 of 1st period - Snap shot by Jujhar Khaira.
0:15 of 1st period - Stopped by Karel Vejmelka without a rebound.
0:16 of 1st period - Connor McMichael wins face-off versus Vinni Lettieri in Edmonton Oil Kings zone.
0:41 of 1st period - Jake Walman is hit by Julien Gauthier and loses puck.
1:10 of 1st period - Snap shot by Mackenzie Entwistle.
1:10 of 1st period - Shot Blocked by Carl Hagelin.
1:12 of 1st period - Backhand shot by Brett Kulak.
1:12 of 1st period - Shot Misses the Net.
1:34 of 1st period - Guillaume Brisebois is hit by Josh Mahura and loses puck.
1:45 of 1st period - Wrist shot by Andrew Ladd.
1:45 of 1st period - Shot Misses the Net.
1:47 of 1st period - Slapshot by Tuukka Tieksola.
1:47 of 1st period - Shot Blocked by Kale Clague.
1:51 of 1st period - Slapshot by Tuukka Tieksola.
1:51 of 1st period - Shot Blocked by Noah Gregor.
1:55 of 1st period - Snap shot by Tuukka Tieksola.
1:55 of 1st period - Shot Misses the Net.
1:57 of 1st period - Wrist shot by Andrew Ladd.
1:57 of 1st period - Stopped by Karel Vejmelka with a rebound.
2:32 of 1st period - Tyler Angle is hit by Karl Henriksson.
3:07 of 1st period - Eric Robinson is hit by Nick Holden and loses puck.
3:12 of 1st period - Slapshot by Joey Anderson.
3:12 of 1st period - Shot Blocked by Eric Robinson.
3:14 of 1st period - Wrist shot by Juuso Valimaki.
3:14 of 1st period - Stopped by Craig Anderson with a rebound.
3:16 of 1st period - Slapshot by Juuso Valimaki.
3:16 of 1st period - Shot Misses the Net.
3:35 of 1st period - Julien Gauthier is hit by Kyle Burroughs and loses puck.
4:16 of 1st period - Snap shot by Kirill Marchenko.
4:16 of 1st period - Deflect By Ryan McLeod.
4:16 of 1st period - Shot Blocked by Jake Walman.
4:16 of 1st period - Puck is out of play.
4:17 of 1st period - Connor McMichael wins face-off versus Vinni Lettieri in Rock Island Raccoons zone.
5:47 of 1st period - Wrist shot by Joey Anderson.
5:47 of 1st period - Shot Blocked by Andrew Ladd.
5:49 of 1st period - Wrist shot by Joey Anderson.
5:49 of 1st period - Goal by Joey Anderson - Edmonton Oil Kings : 1 - Rock Island Raccoons : 0.
5:50 of 1st period - Jujhar Khaira wins face-off versus Ryan McLeod in neutral zone.
6:17 of 1st period - Ryan Lindgren is hit by Nick Holden.
6:26 of 1st period - Jack Johnson is hit by Logan Stanley and loses puck.
6:53 of 1st period - Nick Holden is hit by Andrew Ladd and loses puck.
7:49 of 1st period - Tuukka Tieksola is hit by Julien Gauthier and loses puck.
8:04 of 1st period - Wrist shot by Jujhar Khaira.
8:04 of 1st period - Stopped by Karel Vejmelka with a rebound.
8:16 of 1st period - Wrist shot by Kirill Marchenko.
8:16 of 1st period - Shot Blocked by Logan Stanley.
8:18 of 1st period - Slapshot by Juuso Valimaki.
8:18 of 1st period - Shot Blocked by Logan Stanley.
8:32 of 1st period - Minor Penalty to Carl Hagelin for Goalie Interference.
8:33 of 1st period - Ryan McLeod wins face-off versus Craig Smith in Rock Island Raccoons zone.
8:38 of 1st period - Slapshot by Dillon Dube.
8:38 of 1st period - Shot Misses the Net.
8:40 of 1st period - Wrist shot by Kirill Marchenko.
8:40 of 1st period - Shot Misses the Net.
8:42 of 1st period - Snap shot by Juuso Valimaki.
8:42 of 1st period - Shot Misses the Net.
8:44 of 1st period - Snap shot by Kirill Marchenko.
8:44 of 1st period - Shot Misses the Net.
9:14 of 1st period - Slapshot by Noah Gregor.
9:14 of 1st period - Deflect By Kirill Marchenko.
9:14 of 1st period - Stopped by Craig Anderson with a rebound.
9:16 of 1st period - Snap shot by Dillon Dube.
9:16 of 1st period - Shot Hit the Post.
10:23 of 1st period - Icing by Noah Gregor.
10:24 of 1st period - Alex Barre-Boulet wins face-off versus Ryan McLeod in Edmonton Oil Kings zone.
10:32 of 1st period - Penalty to Carl Hagelin is over, Carl Hagelin is back on ice.
10:39 of 1st period - Juuso Valimaki is hit by Andrew Ladd and loses puck.
11:04 of 1st period - Snap shot by Julien Gauthier.
11:04 of 1st period - Deflect By Jujhar Khaira.
11:04 of 1st period - Stopped by Craig Anderson with a rebound.
11:06 of 1st period - Wrist shot by Morgan Barron.
11:06 of 1st period - Shot Misses the Net.
11:19 of 1st period - Minor Penalty to Dillon Dube for Tripping.
11:20 of 1st period - Jujhar Khaira wins face-off versus Morgan Barron in Edmonton Oil Kings zone.
11:20 of 1st period - Wrist shot by Craig Smith.
11:20 of 1st period - Stopped by Karel Vejmelka without a rebound.
11:21 of 1st period - Morgan Barron wins face-off versus Jujhar Khaira in Edmonton Oil Kings zone.
11:32 of 1st period - Wrist shot by Jujhar Khaira.
11:32 of 1st period - Stopped by Karel Vejmelka with a rebound.
11:34 of 1st period - Backhand shot by Eric Robinson.
11:34 of 1st period - Deflect By Jujhar Khaira.
11:34 of 1st period - Shot Blocked by Brett Kulak.
11:34 of 1st period - Puck is out of play.
11:35 of 1st period - Ryan McLeod wins face-off versus Vinni Lettieri in Edmonton Oil Kings zone.
11:52 of 1st period - Wrist shot by Morgan Barron.
11:52 of 1st period - Stopped by Craig Anderson with a rebound.
12:01 of 1st period - Icing by Kyle Burroughs.
12:02 of 1st period - Ryan McLeod wins face-off versus Jujhar Khaira in Rock Island Raccoons zone.
12:21 of 1st period - Snap shot by Joey Anderson.
12:21 of 1st period - Stopped by Craig Anderson with a rebound.
12:41 of 1st period - Off-side.
12:42 of 1st period - Vinni Lettieri wins face-off versus Morgan Barron in neutral zone.
12:57 of 1st period - Snap shot by Ryan McLeod.
12:57 of 1st period - Stopped by Craig Anderson with a rebound.
13:19 of 1st period - Penalty to Dillon Dube is over, Dillon Dube is back on ice.
13:23 of 1st period - Snap shot by Joey Anderson.
13:23 of 1st period - Stopped by Craig Anderson with a rebound.
13:37 of 1st period - Wrist shot by Wade Allison.
13:37 of 1st period - Shot Misses the Net.
13:39 of 1st period - Slapshot by Wade Allison.
13:39 of 1st period - Shot Misses the Net.
13:41 of 1st period - Wrist shot by Mackenzie Entwistle.
13:41 of 1st period - Shot Misses the Net.
13:43 of 1st period - Snap shot by Wade Allison.
13:43 of 1st period - Stopped by Craig Anderson with a rebound.
13:45 of 1st period - Wrist shot by Kale Clague.
13:45 of 1st period - Shot Blocked by Andrew Ladd.
14:13 of 1st period - Slapshot by Joey Anderson.
14:13 of 1st period - Shot Blocked by Ryan Lindgren.
15:11 of 1st period - Snap shot by Connor McMichael.
15:11 of 1st period - Shot Misses the Net.
15:13 of 1st period - Slapshot by Nick Holden.
15:13 of 1st period - Shot Misses the Net.
15:15 of 1st period - Slapshot by Jack Johnson.
15:15 of 1st period - Shot Blocked by Andrew Ladd.
15:25 of 1st period - Andrew Ladd is hit by Xavier Bourgault and loses puck.
17:43 of 1st period - Julien Gauthier is hit by Martin Chromiak and loses puck.
18:16 of 1st period - Icing by Mackenzie Entwistle.
18:17 of 1st period - Connor McMichael wins face-off versus Vinni Lettieri in Edmonton Oil Kings zone.
18:26 of 1st period - Backhand shot by Noah Gregor.
18:26 of 1st period - Stopped by Craig Anderson with a rebound.
18:42 of 1st period - Slapshot by Craig Smith.
18:42 of 1st period - Shot Misses the Net.
18:44 of 1st period - Slapshot by Jujhar Khaira.
18:44 of 1st period - Shot Misses the Net.
18:52 of 1st period - Wrist shot by Craig Smith.
18:52 of 1st period - Shot Misses the Net.
19:07 of 1st period - Wrist shot by Joey Anderson.
19:07 of 1st period - Deflect By Noah Gregor.
19:07 of 1st period - Stopped by Craig Anderson with a rebound.
19:09 of 1st period - Slapshot by Kale Clague.
19:09 of 1st period - Shot Misses the Net.
19:11 of 1st period - Wrist shot by Connor McMichael.
19:11 of 1st period - Shot Blocked by Brendan Smith.
19:13 of 1st period - Slapshot by Kale Clague.
19:13 of 1st period - Deflect By Andrew Ladd.
19:13 of 1st period - Stopped by Craig Anderson without a rebound.
19:14 of 1st period - Ryan McLeod wins face-off versus Vinni Lettieri in Rock Island Raccoons zone.
19:21 of 1st period - Snap shot by Ryan McLeod.
19:21 of 1st period - Stopped by Craig Anderson with a rebound.
19:41 of 1st period - Morgan Barron is hit by Eric Robinson and loses puck.
19:54 of 1st period - Snap shot by Craig Smith.
19:54 of 1st period - Shot Misses the Net.
Goals for this period are 1 for Edmonton Oil Kings vs 0 for Rock Island Raccoons.
Shots for this period are 13 for Edmonton Oil Kings vs 6 for Rock Island Raccoons.
2nd period
0:01 of 2nd period - Ryan McLeod wins face-off versus Jujhar Khaira in neutral zone.
0:25 of 2nd period - Noah Gregor is hit by Vinni Lettieri.
1:07 of 2nd period - Off-side.
1:08 of 2nd period - Karl Henriksson wins face-off versus Tyler Angle in neutral zone.
1:11 of 2nd period - Snap shot by Jujhar Khaira.
1:11 of 2nd period - Shot Misses the Net.
1:21 of 2nd period - Snap shot by Mackenzie Entwistle.
1:21 of 2nd period - Stopped by Craig Anderson with a rebound.
1:23 of 2nd period - Snap shot by Mackenzie Entwistle.
1:23 of 2nd period - Stopped by Craig Anderson with a rebound.
1:25 of 2nd period - Slapshot by Kale Clague.
1:25 of 2nd period - Shot Blocked by Brendan Smith.
1:27 of 2nd period - Wrist shot by Wade Allison.
1:27 of 2nd period - Shot Misses the Net.
1:29 of 2nd period - Slapshot by Mackenzie Entwistle.
1:29 of 2nd period - Stopped by Craig Anderson without a rebound.
1:30 of 2nd period - Ryan McLeod wins face-off versus Vinni Lettieri in Rock Island Raccoons zone.
1:37 of 2nd period - Snap shot by Dillon Dube.
1:37 of 2nd period - Shot Misses the Net.
2:14 of 2nd period - Snap shot by Mackenzie Entwistle.
2:14 of 2nd period - Stopped by Craig Anderson without a rebound.
2:15 of 2nd period - Tuukka Tieksola wins face-off versus Wade Allison in Rock Island Raccoons zone.
2:44 of 2nd period - Snap shot by Kirill Marchenko.
2:44 of 2nd period - Shot Misses the Net.
3:04 of 2nd period - Snap shot by Joey Anderson.
3:04 of 2nd period - Shot Misses the Net.
4:07 of 2nd period - Dillon Dube is hit by Kyle Burroughs and loses puck.
5:01 of 2nd period - Wrist shot by Martin Chromiak.
5:01 of 2nd period - Stopped by Karel Vejmelka with a rebound.
5:11 of 2nd period - Snap shot by Alex Barre-Boulet.
5:11 of 2nd period - Shot Misses the Net.
5:38 of 2nd period - Wrist shot by Kirill Marchenko.
5:38 of 2nd period - Stopped by Craig Anderson without a rebound.
5:39 of 2nd period - Jujhar Khaira wins face-off versus Connor McMichael in Rock Island Raccoons zone.
6:48 of 2nd period - Connor McMichael is hit by Logan Stanley and loses puck.
6:59 of 2nd period - Brendan Smith is hit by Morgan Barron and loses puck.
7:06 of 2nd period - Wrist shot by Morgan Barron.
7:06 of 2nd period - Stopped by Craig Anderson without a rebound.
7:07 of 2nd period - Damien Giroux wins face-off versus Xavier Bourgault in Rock Island Raccoons zone.
7:20 of 2nd period - Tuukka Tieksola is hit by Juuso Valimaki and loses puck.
7:33 of 2nd period - Connor McMichael is hit by Eric Robinson and loses puck.
8:00 of 2nd period - Slapshot by Wade Allison.
8:00 of 2nd period - Stopped by Craig Anderson without a rebound.
8:01 of 2nd period - Damien Giroux wins face-off versus Connor McMichael in Rock Island Raccoons zone.
8:01 of 2nd period - Damien Giroux is hit by Brett Kulak.
8:11 of 2nd period - Slapshot by Brendan Smith.
8:11 of 2nd period - Shot Misses the Net.
8:32 of 2nd period - Backhand shot by Morgan Barron.
8:32 of 2nd period - Stopped by Craig Anderson without a rebound.
8:33 of 2nd period - Ryan McLeod wins face-off versus Vinni Lettieri in Rock Island Raccoons zone.
8:33 of 2nd period - Ryan McLeod is hit by Kyle Burroughs.
8:35 of 2nd period - Snap shot by Dillon Dube.
8:35 of 2nd period - Shot Blocked by Martin Chromiak.
8:49 of 2nd period - Snap shot by Alex Barre-Boulet.
8:49 of 2nd period - Deflect By Vinni Lettieri.
8:49 of 2nd period - Stopped by Karel Vejmelka without a rebound.
8:50 of 2nd period - Craig Smith wins face-off versus Connor McMichael in Edmonton Oil Kings zone.
8:55 of 2nd period - Snap shot by Craig Smith.
8:55 of 2nd period - Stopped by Karel Vejmelka with a rebound.
8:57 of 2nd period - Snap shot by Eric Robinson.
8:57 of 2nd period - Stopped by Karel Vejmelka without a rebound.
8:58 of 2nd period - Connor McMichael wins face-off versus Eric Robinson in Edmonton Oil Kings zone.
8:58 of 2nd period - Connor McMichael is hit by Brendan Smith.
9:06 of 2nd period - Snap shot by Jujhar Khaira.
9:06 of 2nd period - Shot Misses the Net.
9:08 of 2nd period - Snap shot by Jujhar Khaira.
9:08 of 2nd period - Shot Misses the Net.
9:10 of 2nd period - Snap shot by Eric Robinson.
9:10 of 2nd period - Deflect By Craig Smith.
9:10 of 2nd period - Shot Blocked by Juuso Valimaki.
9:10 of 2nd period - Puck is out of play.
9:11 of 2nd period - Jujhar Khaira wins face-off versus Xavier Bourgault in Edmonton Oil Kings zone.
9:44 of 2nd period - Snap shot by Noah Gregor.
9:44 of 2nd period - Shot Blocked by Ryan Lindgren.
10:13 of 2nd period - Icing by Tuukka Tieksola.
10:14 of 2nd period - Tyler Angle wins face-off versus Damien Giroux in Rock Island Raccoons zone.
10:40 of 2nd period - Juuso Valimaki is hit by Brendan Smith.
11:22 of 2nd period - Snap shot by Jujhar Khaira.
11:22 of 2nd period - Stopped by Karel Vejmelka with a rebound.
11:48 of 2nd period - Snap shot by Xavier Bourgault.
11:48 of 2nd period - Stopped by Craig Anderson with a rebound.
11:50 of 2nd period - Wrist shot by Xavier Bourgault.
11:50 of 2nd period - Shot Misses the Net.
12:06 of 2nd period - Wrist shot by Vinni Lettieri.
12:06 of 2nd period - Stopped by Karel Vejmelka with a rebound.
12:27 of 2nd period - Off-side.
12:28 of 2nd period - Ryan McLeod wins face-off versus Damien Giroux in neutral zone.
12:53 of 2nd period - Dillon Dube is hit by Andrew Ladd and loses puck.
13:00 of 2nd period - Slapshot by Andrew Ladd.
13:00 of 2nd period - Shot Misses the Net.
13:21 of 2nd period - Slapshot by Ryan McLeod.
13:21 of 2nd period - Shot Misses the Net.
13:23 of 2nd period - Snap shot by Kirill Marchenko.
13:23 of 2nd period - Shot Misses the Net.
13:33 of 2nd period - Slapshot by Ryan McLeod.
13:33 of 2nd period - Shot Misses the Net.
13:35 of 2nd period - Wrist shot by Dillon Dube.
13:35 of 2nd period - Shot Blocked by Brendan Smith.
13:37 of 2nd period - Snap shot by Dillon Dube.
13:37 of 2nd period - Stopped by Craig Anderson without a rebound.
13:38 of 2nd period - Jujhar Khaira wins face-off versus Joey Anderson in Rock Island Raccoons zone.
13:38 of 2nd period - Jujhar Khaira is hit by Noah Gregor.
14:13 of 2nd period - Snap shot by Morgan Barron.
14:13 of 2nd period - Stopped by Craig Anderson without a rebound.
14:14 of 2nd period - Joey Anderson wins face-off versus Vinni Lettieri in Rock Island Raccoons zone.
14:18 of 2nd period - Minor Penalty to Alex Barre-Boulet for Hooking.
14:19 of 2nd period - Jujhar Khaira wins face-off versus Ryan McLeod in Rock Island Raccoons zone.
14:43 of 2nd period - Julien Gauthier is hit by Kyle Burroughs and loses puck.
15:31 of 2nd period - Icing by Julien Gauthier.
15:32 of 2nd period - Xavier Bourgault wins face-off versus Jujhar Khaira in Edmonton Oil Kings zone.
15:32 of 2nd period - Xavier Bourgault is hit by Jujhar Khaira.
16:18 of 2nd period - Penalty to Alex Barre-Boulet is over, Alex Barre-Boulet is back on ice.
16:23 of 2nd period - Icing by Jake Walman.
16:24 of 2nd period - Jujhar Khaira wins face-off versus Tyler Angle in Rock Island Raccoons zone.
16:29 of 2nd period - Wrist shot by Vinni Lettieri.
16:29 of 2nd period - Stopped by Karel Vejmelka with a rebound.
16:49 of 2nd period - Guillaume Brisebois is hit by Nick Holden and loses puck.
16:54 of 2nd period - Snap shot by Julien Gauthier.
16:54 of 2nd period - Stopped by Craig Anderson without a rebound.
16:55 of 2nd period - Ryan McLeod wins face-off versus Jujhar Khaira in Rock Island Raccoons zone.
17:06 of 2nd period - Snap shot by Kirill Marchenko.
17:06 of 2nd period - Stopped by Craig Anderson without a rebound.
17:07 of 2nd period - Connor McMichael wins face-off versus Jujhar Khaira in Rock Island Raccoons zone.
17:25 of 2nd period - Minor Penalty to Brett Kulak for Hooking.
17:26 of 2nd period - Vinni Lettieri wins face-off versus Ryan McLeod in Edmonton Oil Kings zone.
18:06 of 2nd period - Slapshot by Vinni Lettieri.
18:06 of 2nd period - Shot Misses the Net.
18:08 of 2nd period - Slapshot by Brendan Smith.
18:08 of 2nd period - Shot Misses the Net.
18:10 of 2nd period - Wrist shot by Alex Barre-Boulet.
18:10 of 2nd period - Stopped by Karel Vejmelka with a rebound.
18:35 of 2nd period - Snap shot by Alex Barre-Boulet.
18:35 of 2nd period - Shot Misses the Net.
19:04 of 2nd period - Wrist shot by Brendan Smith.
19:04 of 2nd period - Deflect By Alex Barre-Boulet.
19:04 of 2nd period - Goal by Alex Barre-Boulet - Edmonton Oil Kings : 1 - Rock Island Raccoons : 1.
19:05 of 2nd period - Ryan McLeod wins face-off versus Jujhar Khaira in neutral zone.
19:08 of 2nd period - Craig Smith is hit by Kale Clague and loses puck.
19:31 of 2nd period - Jake Walman is hit by Connor McMichael and loses puck.
19:38 of 2nd period - Slapshot by Connor McMichael.
19:38 of 2nd period - Shot Misses the Net.
19:40 of 2nd period - Snap shot by Noah Gregor.
19:40 of 2nd period - Deflect By Connor McMichael.
19:40 of 2nd period - Stopped by Craig Anderson with a rebound.
19:42 of 2nd period - Slapshot by Jack Johnson.
19:42 of 2nd period - Stopped by Craig Anderson with a rebound.
Goals for this period are 0 for Edmonton Oil Kings vs 1 for Rock Island Raccoons.
Shots for this period are 15 for Edmonton Oil Kings vs 9 for Rock Island Raccoons.
3rd period
0:01 of 3rd period - Connor McMichael wins face-off versus Eric Robinson in neutral zone.
0:10 of 3rd period - Noah Gregor is hit by Craig Smith and loses puck.
0:46 of 3rd period - Wrist shot by Tuukka Tieksola.
0:46 of 3rd period - Shot Blocked by Dillon Dube.
0:48 of 3rd period - Snap shot by Damien Giroux.
0:48 of 3rd period - Stopped by Karel Vejmelka without a rebound.
0:49 of 3rd period - Ryan McLeod wins face-off versus Jujhar Khaira in Edmonton Oil Kings zone.
0:49 of 3rd period - Ryan McLeod is hit by Eric Robinson.
0:55 of 3rd period - Slapshot by Jujhar Khaira.
0:55 of 3rd period - Shot Misses the Net.
1:13 of 3rd period - Snap shot by Dillon Dube.
1:13 of 3rd period - Stopped by Craig Anderson with a rebound.
1:15 of 3rd period - Slapshot by Dillon Dube.
1:15 of 3rd period - Shot Misses the Net.
1:17 of 3rd period - Slapshot by Josh Mahura.
1:17 of 3rd period - Shot Blocked by Jujhar Khaira.
1:19 of 3rd period - Slapshot by Ryan McLeod.
1:19 of 3rd period - Shot Blocked by Kyle Burroughs.
1:21 of 3rd period - Slapshot by Josh Mahura.
1:21 of 3rd period - Shot Blocked by Jake Walman.
1:31 of 3rd period - Snap shot by Kirill Marchenko.
1:31 of 3rd period - Deflect By Dillon Dube.
1:31 of 3rd period - Shot Misses the Net.
1:31 of 3rd period - Puck is out of play.
1:32 of 3rd period - Vinni Lettieri wins face-off versus Connor McMichael in Rock Island Raccoons zone.
1:57 of 3rd period - Brendan Smith is hit by Julien Gauthier and loses puck.
2:22 of 3rd period - Wrist shot by Wade Allison.
2:22 of 3rd period - Stopped by Craig Anderson with a rebound.
2:24 of 3rd period - Slapshot by Wade Allison.
2:24 of 3rd period - Goal by Wade Allison - Edmonton Oil Kings : 2 - Rock Island Raccoons : 1.
2:25 of 3rd period - Jujhar Khaira wins face-off versus Connor McMichael in neutral zone.
2:28 of 3rd period - Snap shot by Craig Smith.
2:28 of 3rd period - Stopped by Karel Vejmelka without a rebound.
2:29 of 3rd period - Jujhar Khaira wins face-off versus Connor McMichael in Edmonton Oil Kings zone.
2:36 of 3rd period - Wrist shot by Craig Smith.
2:36 of 3rd period - Stopped by Karel Vejmelka with a rebound.
2:54 of 3rd period - Backhand shot by Tuukka Tieksola.
2:54 of 3rd period - Shot Misses the Net.
3:10 of 3rd period - Slapshot by Brett Kulak.
3:10 of 3rd period - Deflect By Connor McMichael.
3:10 of 3rd period - Shot Misses the Net.
3:10 of 3rd period - Puck is out of play.
3:11 of 3rd period - Vinni Lettieri wins face-off versus Xavier Bourgault in Rock Island Raccoons zone.
3:11 of 3rd period - Vinni Lettieri is hit by Jack Johnson.
3:25 of 3rd period - Snap shot by Alex Barre-Boulet.
3:25 of 3rd period - Shot Blocked by Xavier Bourgault.
3:27 of 3rd period - Slapshot by Guillaume Brisebois.
3:27 of 3rd period - Stopped by Karel Vejmelka without a rebound.
3:28 of 3rd period - Dillon Dube wins face-off versus Jujhar Khaira in Edmonton Oil Kings zone.
4:13 of 3rd period - Wrist shot by Connor McMichael.
4:13 of 3rd period - Shot Misses the Net.
4:15 of 3rd period - Backhand shot by Noah Gregor.
4:15 of 3rd period - Stopped by Craig Anderson with a rebound.
4:48 of 3rd period - Juuso Valimaki is hit by Carl Hagelin and loses puck.
5:07 of 3rd period - Snap shot by Dillon Dube.
5:07 of 3rd period - Shot Misses the Net.
5:21 of 3rd period - Wrist shot by Joey Anderson.
5:21 of 3rd period - Shot Misses the Net.
5:23 of 3rd period - Backhand shot by Josh Mahura.
5:23 of 3rd period - Shot Blocked by Andrew Ladd.
5:25 of 3rd period - Slapshot by Kale Clague.
5:25 of 3rd period - Deflect By Connor McMichael.
5:25 of 3rd period - Goal by Connor McMichael - Edmonton Oil Kings : 3 - Rock Island Raccoons : 1.
5:26 of 3rd period - Xavier Bourgault wins face-off versus Craig Smith in neutral zone.
5:51 of 3rd period - Jack Johnson is hit by Martin Chromiak and loses puck.
6:16 of 3rd period - Wrist shot by Andrew Ladd.
6:16 of 3rd period - Stopped by Karel Vejmelka without a rebound.
6:17 of 3rd period - Xavier Bourgault wins face-off versus Damien Giroux in Edmonton Oil Kings zone.
6:22 of 3rd period - Tuukka Tieksola is hit by Xavier Bourgault and loses puck.
6:33 of 3rd period - Wrist shot by Damien Giroux.
6:33 of 3rd period - Shot Blocked by Josh Mahura.
6:53 of 3rd period - Snap shot by Jujhar Khaira.
6:53 of 3rd period - Shot Blocked by Noah Gregor.
7:11 of 3rd period - Wrist shot by Vinni Lettieri.
7:11 of 3rd period - Shot Misses the Net.
7:13 of 3rd period - Snap shot by Martin Chromiak.
7:13 of 3rd period - Stopped by Karel Vejmelka without a rebound.
7:14 of 3rd period - Xavier Bourgault wins face-off versus Jujhar Khaira in Edmonton Oil Kings zone.
7:14 of 3rd period - Xavier Bourgault is hit by Craig Smith.
7:22 of 3rd period - Snap shot by Morgan Barron.
7:22 of 3rd period - Shot Blocked by Ryan Lindgren.
7:24 of 3rd period - Slapshot by Brett Kulak.
7:24 of 3rd period - Shot Blocked by Brendan Smith.
7:26 of 3rd period - Wrist shot by Julien Gauthier.
7:26 of 3rd period - Shot Blocked by Ryan Lindgren.
7:28 of 3rd period - Wrist shot by Xavier Bourgault.
7:28 of 3rd period - Stopped by Craig Anderson without a rebound.
7:29 of 3rd period - Vinni Lettieri wins face-off versus Ryan McLeod in Rock Island Raccoons zone.
7:37 of 3rd period - Minor Penalty to Brett Kulak for Holding.
7:38 of 3rd period - Ryan McLeod wins face-off versus Jujhar Khaira in Edmonton Oil Kings zone.
7:48 of 3rd period - Snap shot by Joey Anderson.
7:48 of 3rd period - Shot Misses the Net.
7:50 of 3rd period - Slapshot by Nick Holden.
7:50 of 3rd period - Shot Misses the Net.
7:52 of 3rd period - Snap shot by Morgan Barron.
7:52 of 3rd period - Goal by Morgan Barron - Edmonton Oil Kings : 4 - Rock Island Raccoons : 1.
7:53 of 3rd period - Ryan McLeod wins face-off versus Jujhar Khaira in neutral zone.
8:22 of 3rd period - Slapshot by Jake Walman.
8:22 of 3rd period - Shot Blocked by Nick Holden.
8:24 of 3rd period - Slapshot by Kyle Burroughs.
8:24 of 3rd period - Stopped by Karel Vejmelka without a rebound.
8:25 of 3rd period - Morgan Barron wins face-off versus Vinni Lettieri in Edmonton Oil Kings zone.
8:39 of 3rd period - Nick Holden is hit by Vinni Lettieri and loses puck.
9:06 of 3rd period - Slapshot by Eric Robinson.
9:06 of 3rd period - Stopped by Karel Vejmelka without a rebound.
9:07 of 3rd period - Jujhar Khaira wins face-off versus Morgan Barron in Edmonton Oil Kings zone.
9:18 of 3rd period - Wrist shot by Craig Smith.
9:18 of 3rd period - Stopped by Karel Vejmelka without a rebound.
9:19 of 3rd period - Vinni Lettieri wins face-off versus Ryan McLeod in Edmonton Oil Kings zone.
9:37 of 3rd period - Penalty to Brett Kulak is over, Brett Kulak is back on ice.
9:44 of 3rd period - Dillon Dube is hit by Craig Smith and loses puck.
10:07 of 3rd period - Slapshot by Ryan Lindgren.
10:07 of 3rd period - Stopped by Karel Vejmelka without a rebound.
10:08 of 3rd period - Vinni Lettieri wins face-off versus Mackenzie Entwistle in Edmonton Oil Kings zone.
10:16 of 3rd period - Minor Penalty to Juuso Valimaki for High sticking.
10:17 of 3rd period - Ryan McLeod wins face-off versus Jujhar Khaira in Edmonton Oil Kings zone.
10:43 of 3rd period - Brett Kulak is hit by Vinni Lettieri and loses puck.
10:50 of 3rd period - Wrist shot by Vinni Lettieri.
10:50 of 3rd period - Stopped by Karel Vejmelka without a rebound.
10:51 of 3rd period - Vinni Lettieri wins face-off versus Noah Gregor in Edmonton Oil Kings zone.
10:58 of 3rd period - Snap shot by Alex Barre-Boulet.
10:58 of 3rd period - Shot Misses the Net.
11:14 of 3rd period - Snap shot by Morgan Barron.
11:14 of 3rd period - Shot Blocked by Brendan Smith.
11:34 of 3rd period - Snap shot by Craig Smith.
11:34 of 3rd period - Shot Misses the Net.
11:36 of 3rd period - Snap shot by Jujhar Khaira.
11:36 of 3rd period - Deflect By Craig Smith.
11:36 of 3rd period - Goal by Craig Smith - Edmonton Oil Kings : 4 - Rock Island Raccoons : 2.
11:37 of 3rd period - Connor McMichael wins face-off versus Jujhar Khaira in neutral zone.
11:48 of 3rd period - Slapshot by Noah Gregor.
11:48 of 3rd period - Stopped by Craig Anderson with a rebound.
11:50 of 3rd period - Slapshot by Brett Kulak.
11:50 of 3rd period - Stopped by Craig Anderson with a rebound.
11:52 of 3rd period - Snap shot by Noah Gregor.
11:52 of 3rd period - Shot Misses the Net.
12:10 of 3rd period - Snap shot by Vinni Lettieri.
12:10 of 3rd period - Stopped by Karel Vejmelka without a rebound.
12:11 of 3rd period - Ryan McLeod wins face-off versus Martin Chromiak in Edmonton Oil Kings zone.
12:25 of 3rd period - Slapshot by Ryan Lindgren.
12:25 of 3rd period - Deflect By Martin Chromiak.
12:25 of 3rd period - Stopped by Karel Vejmelka with a rebound.
12:37 of 3rd period - Jujhar Khaira is hit by Joey Anderson and loses puck.
12:57 of 3rd period - Minor Penalty to Brendan Smith for Tripping.
12:58 of 3rd period - Jujhar Khaira wins face-off versus Ryan McLeod in Rock Island Raccoons zone.
14:29 of 3rd period - Alex Barre-Boulet is hit by Wade Allison and loses puck.
14:55 of 3rd period - Juuso Valimaki is hit by Andrew Ladd and loses puck.
14:57 of 3rd period - Penalty to Brendan Smith is over, Brendan Smith is back on ice.
16:03 of 3rd period - Snap shot by Tuukka Tieksola.
16:03 of 3rd period - Stopped by Karel Vejmelka with a rebound.
17:07 of 3rd period - Nick Holden is hit by Brendan Smith.
17:16 of 3rd period - Brendan Smith is hit by Nick Holden and loses puck.
18:09 of 3rd period - Minor Penalty to Josh Mahura for Hooking.
18:10 of 3rd period - Jujhar Khaira wins face-off versus Morgan Barron in Edmonton Oil Kings zone.
18:13 of 3rd period - Slapshot by Craig Smith.
18:13 of 3rd period - Stopped by Karel Vejmelka without a rebound.
18:14 of 3rd period - Jujhar Khaira wins face-off versus Morgan Barron in Edmonton Oil Kings zone.
18:15 of 3rd period - Snap shot by Craig Smith.
18:15 of 3rd period - Deflect By Joey Anderson.
18:15 of 3rd period - Shot Blocked by Brett Kulak.
18:15 of 3rd period - Puck is out of play.
18:16 of 3rd period - Jujhar Khaira wins face-off versus Morgan Barron in Edmonton Oil Kings zone.
18:23 of 3rd period - Slapshot by Craig Smith.
18:23 of 3rd period - Deflect By Jujhar Khaira.
18:23 of 3rd period - Stopped by Karel Vejmelka without a rebound.
18:24 of 3rd period - Jujhar Khaira wins face-off versus Ryan McLeod in Edmonton Oil Kings zone.
18:25 of 3rd period - Wrist shot by Craig Smith.
18:25 of 3rd period - Shot Misses the Net.
18:35 of 3rd period - Wrist shot by Craig Smith.
18:35 of 3rd period - Stopped by Karel Vejmelka with a rebound.
18:40 of 3rd period - Off-side.
18:41 of 3rd period - Joey Anderson wins face-off versus Vinni Lettieri in neutral zone.
18:47 of 3rd period - Joey Anderson is hit by Alex Barre-Boulet.
18:51 of 3rd period - Slapshot by Juuso Valimaki.
18:51 of 3rd period - Deflect By Morgan Barron.
18:51 of 3rd period - Stopped by Craig Anderson with a rebound.
19:07 of 3rd period - Nick Holden is hit by Craig Smith and loses puck.
Goals for this period are 3 for Edmonton Oil Kings vs 1 for Rock Island Raccoons.
Shots for this period are 10 for Edmonton Oil Kings vs 18 for Rock Island Raccoons.
Back to the Top